Map: Ulzaan

Players

Throwfordays

  • Race: Protoss Protoss
  • League: Bronze
  • Spawn Location: 9:00

Cthulhu

  • Race: Zerg Zerg
  • Spawn Location: 11:00

Veln - Winner!

  • Race: Protoss Protoss
  • Spawn Location: 1:00

KokyMcJohnsn - Winner!

  • Race: Protoss Protoss
  • Spawn Location: 3:00

VOD

Have the link to the VOD?

Description

Time

  • Played on: Jan. 27, 2019, 10:52 p.m.
  • Length: 6:31
Show
View Real Time Build Order
Export as new Build Order

Throwfordays Protoss 

Build Orders: 1 Gate Expand, Oracle Opening 

Get SALT Encoding   

  12  0:00  Probe  
  13  0:12  Probe  
  14  0:19  Pylon  
  14  0:27  Probe  
  15  0:39  Probe  
  16  0:42  Gateway  
  16  0:51  Probe  
  16  0:55  Assimilator  
  17  1:03  Probe  
  18  1:15  Probe  
  19  1:28  Nexus, Probe  
  20  1:41  Cybernetics Core  
  20  1:48  Warp Gate  
  20  1:57  Assimilator  
  20  2:12  Nexus  
  20  2:21  Probe  
  21  2:34  Probe  
  21  2:36  Pylon  
  22  2:40  Probe  
  23  2:46  Probe  
  23  2:50  Stargate  
  24  2:52  Probe  
  24  2:58  Probe  
  26  3:04  Probe  
  27  3:10  Probe  
  28  3:16  Probe  
  29  3:22  Probe  
  29  3:25  Probe  
  31  3:28  Probe  
  32  3:34  Probe  
  32  3:38  Probe  
  32  3:39  Oracle  
  32  3:41  Probe  
  38  3:46  Probe  
  39  3:50  Probe  
  39  3:53  Probe  
  41  3:58  Probe  
  41  4:02  Probe  
  43  4:05  Probe  
  43  4:07  Assimilator  
  44  4:10  Assimilator, Probe  
  44  4:14  Assimilator, Protoss Air Weapons Level 1, Probe  
  46  4:17  Probe  
  46  4:18  Assimilator  
  46  4:21  Oracle  
  46  4:22  Probe  
  51  4:26  Probe  
  51  4:29  Probe  
  53  4:46  Pylon  
  53  4:50  Pylon  
  52  4:55  Pylon  
  47  5:08  Probe x2  
  47  5:09  Adept  
  51  5:20  Probe  
  52  5:25  Gateway  
  52  5:26  Gateway  
  52  5:29  Gateway  
  52  5:52  Adept  
  52  5:54  Pylon  
Show
View Real Time Build Order
Export as new Build Order

Cthulhu Zerg 

Build Orders: Pool First 

Get SALT Encoding   

  12  0:01  Drone  
  13  0:16  Drone  
  14  0:26  Extractor  
  14  0:27  Drone  
  14  0:36  Overlord  
  14  0:46  Spawning Pool  
  14  0:48  Drone  
  14  1:08  Drone  
  14  1:09  Drone x2  
  17  1:33  Lair  
  17  1:48  Extractor, Drone, Hatchery  
  17  1:51  Drone  
  17  1:57  Drone  
  18  2:12  Drone  
  18  2:13  Drone  
  20  2:33  Spire  
  20  2:34  Drone x2  
  21  2:47  Drone  
  22  2:56  Extractor  
  22  2:57  Extractor  
  20  3:05  Drone  
  21  3:10  Drone  
  22  3:46  Mutalisk x3  
  28  3:49  Overlord  
  28  4:02  Metabolic Boost  
  28  4:05  Evolution Chamber  
  27  4:12  Zerg Flyer Weapons Level 1  
  27  4:21  Mutalisk x2  
  27  4:22  Mutalisk  
  33  4:54  Mutalisk  
  33  4:55  Mutalisk  
  33  4:57  Overlord  
  35  5:10  Zergling x2  
  35  5:37  Zergling x8  
  35  5:38  Zergling x4  
Show
View Real Time Build Order
Export as new Build Order

Veln Protoss - Winner!

Build Orders: Blink Stalkers 

Get SALT Encoding   

  12  0:00  Probe  
  13  0:13  Probe  
  14  0:19  Pylon  
  14  0:25  Probe  
  15  0:33  Probe  
  15  0:40  Gateway  
  15  0:41  Probe  
  17  0:51  Probe  
  18  0:58  Assimilator  
  18  0:59  Assimilator, Probe  
  19  1:07  Probe  
  19  1:15  Pylon  
  20  1:18  Probe  
  21  1:29  Cybernetics Core  
  21  1:34  Probe  
  22  1:46  Probe  
  23  1:56  Warp Gate  
  23  1:58  Probe  
  24  2:06  Twilight Council  
  24  2:07  Stalker  
  26  2:26  Blink  
  26  2:27  Gateway x2  
  26  2:37  Stalker  
  28  2:49  Pylon  
  28  3:14  Stalker  
  28  3:15  Stalker x2  
  28  3:19  Pylon  
  34  3:27  Pylon  
  34  3:53  Stalker x2  
  34  3:54  Stalker  
  40  4:16  Stalker x2  
  40  4:17  Stalker  
  46  4:40  Stalker x2  
  46  4:41  Stalker  
  46  4:44  Pylon  
  52  5:09  Stalker  
  52  5:10  Stalker x2  
  33  6:07  Probe  
  34  6:19  Probe  
Show
View Real Time Build Order
Export as new Build Order

KokyMcJohnsn Protoss - Winner!

Build Orders:  

Get SALT Encoding   

  1  0:00  Probe  
  12  0:06  Probe  
  14  0:22  Pylon  
  14  0:25  Probe  
  15  0:43  Forge  
  15  0:48  Pylon  
  15  0:50  Probe  
  16  1:02  Probe  
  17  1:09  Gateway  
  17  1:13  Probe  
  17  1:17  Assimilator  
  18  1:21  Assimilator  
  18  1:22  Probe  
  18  1:31  Probe  
  20  1:43  Probe  
  21  1:55  Probe  
  21  1:57  Cybernetics Core  
  22  2:07  Probe  
  23  2:27  Nexus  
  23  2:33  Stalker  
  25  2:39  Twilight Council  
  25  3:03  Stalker  
  27  3:11  Stargate  
  27  3:29  Assimilator  
  27  3:32  Probe  
  27  3:34  Assimilator  
  27  3:38  Probe  
  27  3:40  Probe  
  28  3:47  Probe  
  28  3:48  Protoss Shields Level 1  
  30  3:50  Probe  
  32  3:56  Pylon, Probe  
  32  3:58  Void Ray  
  32  4:02  Probe  
  38  4:09  Probe  
  39  4:10  Probe  
  39  4:13  Protoss Air Weapons Level 1  
  40  4:19  Probe  
  40  4:21  Probe  
  42  4:33  Probe  
  42  4:35  Stargate  
  39  4:54  Phoenix  
  33  5:19  Phoenix  
  35  5:23  Phoenix  
  37  5:40  Phoenix  
  37  5:46  Phoenix  
Tags
 
Add a new tag
Caveats
  • Supply blocks, unpowered buildings, or Contaminate may cause inaccurate times.
  • Supply counts are checked every 10 seconds.